[Event "29. Klatovy A 2023"]
[Site "Klatovy"]
[Date "2023.07.01"]
[Round "1.1"]
[White "Martirosyan, David"]
[Black "Straka, Vojtech"]
[Result "1/2-1/2"]
[ECO "D36"]
[WhiteElo "1908"]
[BlackElo "2433"]
[PlyCount "88"]
[EventDate "2023.07.01"]
[EventType "swiss"]
[EventRounds "9"]
[EventCountry "CZE"]
[TimeControl "120+30"]

1. d4 d5 2. c4 e6 3. Nc3 Nf6 4. cxd5 exd5 5. Bg5 c6 6. e3 Be7 7. Bd3 O-O 8. Qc2 Nbd7 9. Nge2 Re8 10. O-O Nf8 11. f3 Ng6 12. Rad1 h6 13. Bxf6 Bxf6 14. Bxg6 fxg6 15. e4 Be6 16. e5 Bf5 17. Qb3 Bg5 18. Ng3 Qb6 19. f4 Qxb3 20. axb3 Be7 21. Nxf5 gxf5 22. Rc1 Kf7 23. Na4 Ke6 24. Nc5+ Bxc5 25. Rxc5 g5 26. Rc3 g4 27. h4 a5 28. Ra1 Ra6 29. g3 Rea8 30. Ra4 Rb6 31. Kf2 Raa6 32. Ke3 Rb4 33. Kd3 Rab6 34. Kc2 R6b5 35. Rd3 h5 36. Ra3 b6 37. Ra4 c5 38. Rxb4 axb4 39. Rd1 Ra5 40. Kd3 Ra2 41. Kc2 Ra8 42. Kd3 Ra7 43. Rc1 Ra5 44. Rd1 {[%emt 0:00:23] Kxe5 Ke4+} Ra8 1/2-1/2

[Event "29. Klatovy A 2023"]
[Site "Klatovy"]
[Date "2023.07.01"]
[Round "1.2"]
[White "Neuman, Petr"]
[Black "Mametev, Artem"]
[Result "1/2-1/2"]
[ECO "E92"]
[WhiteElo "2398"]
[BlackElo "1991"]
[PlyCount "114"]
[EventDate "2023.07.01"]
[EventType "swiss"]
[EventRounds "9"]
[EventCountry "CZE"]
[TimeControl "120+30"]

1. d4 Nf6 2. c4 g6 3. Nc3 Bg7 4. e4 d6 5. Nf3 O-O 6. Be2 e5 7. Be3 exd4 8. Nxd4 Re8 9. f3 c6 10. Bf2 d5 11. exd5 cxd5 12. O-O Nc6 13. c5 Nxd4 14. Bxd4 Be6 15. Qd2 Nh5 16. Bb5 Rf8 17. Rad1 Qc7 18. b4 Rad8 19. Ba4 Bxd4+ 20. Qxd4 Ng7 21. Bc2 b6 22. cxb6 axb6 23. Bd3 Qb7 24. Rf2 Bf5 25. Bf1 Be6 26. g4 f5 27. Bg2 Qb8 28. Na4 fxg4 29. fxg4 Rxf2 30. Qxf2 Bxg4 31. Rxd5 Be6 32. Rd2 Rxd2 33. Qxd2 Nf5 34. Bh3 Qc7 35. a3 Qe5 36. Nxb6 Qa1+ 37. Kf2 Qxa3 38. Bxf5 Bxf5 39. Nd5 Qh3 40. Qf4 Qd3 41. Qb8+ Kg7 42. Qa7+ Kh8 43. Qb8+ Kg7 44. Qe5+ Kh6 45. Qe3+ Kg7 46. Qxd3 Bxd3 47. Ke3 Bf1 48. Kd4 Kh6 49. Nf6 g5 50. Ke5 Kg6 51. Ne4 h5 52. Nd6 h4 53. b5 g4 54. b6 Ba6 55. Kf4 g3 56. hxg3 hxg3 57. Kxg3 Kf6 1/2-1/2

[Event "29. Klatovy A 2023"]
[Site "Klatovy"]
[Date "2023.07.01"]
[Round "1.3"]
[White "Zhang, Brian"]
[Black "Hurdzan, Tomas"]
[Result "0-1"]
[ECO "B67"]
[WhiteElo "1821"]
[BlackElo "2309"]
[PlyCount "78"]
[EventDate "2023.07.01"]
[EventType "swiss"]
[EventRounds "9"]
[EventCountry "CZE"]
[TimeControl "120+30"]

1. e4 c5 2. Nf3 d6 3. d4 cxd4 4. Nxd4 Nf6 5. Nc3 Nc6 6. Bg5 e6 7. Qd2 a6 8. O-O-O Bd7 9. Nxc6 Bxc6 10. f3 Be7 11. h4 h6 12. Bf4 e5 13. Be3 b5 14. g4 b4 15. Nd5 Nxd5 16. exd5 Bb5 17. Bxb5+ axb5 18. Qxb4 O-O 19. a3 Bxh4 20. Qxb5 Bg5 21. Qd3 Ra4 22. Rh5 Bxe3+ 23. Qxe3 Rf4 24. Rdh1 f6 25. c3 Qd7 26. R1h3 Qb5 27. Rf5 Rxf5 28. gxf5 Qf1+ 29. Kc2 Qxh3 30. Qe4 Qg2+ 31. Kb1 Rb8 32. b4 Ra8 33. Qc4 Rxa3 34. Qc8+ Kh7 35. Qe8 Qa2+ 36. Kc1 Rxc3+ 37. Kd1 Qb1+ 38. Ke2 Qb2+ 39. Kd1 Rc1# 0-1

[Event "29. Klatovy A 2023"]
[Site "Klatovy"]
[Date "2023.07.01"]
[Round "1.4"]
[White "Slovak, Kilian"]
[Black "Polak, Michal 2002"]
[Result "1-0"]
[ECO "E60"]
[WhiteElo "2297"]
[BlackElo "1959"]
[PlyCount "61"]
[EventDate "2023.07.01"]
[EventType "swiss"]
[EventRounds "9"]
[EventCountry "CZE"]
[TimeControl "120+30"]

1. Nf3 Nf6 2. b3 g6 3. Bb2 Bg7 4. g3 c5 5. Bg2 O-O 6. O-O Nc6 7. c4 d6 8. d4 Nd7 9. e3 cxd4 10. Nxd4 Nxd4 11. exd4 e5 12. Nc3 exd4 13. Nb5 Ne5 14. Bxd4 a6 15. Nc3 Qf6 16. Kh1 Qd8 17. Nd5 Bg4 18. Qc2 Rc8 19. Qc3 f6 20. h3 Bd7 21. Rae1 Rf7 22. Nb6 Bc6 23. Nxc8 Qxc8 24. Kh2 f5 25. f4 Bxg2 26. Kxg2 Qc6+ 27. Kh2 Nf3+ 28. Qxf3 Bxd4 29. Qxc6 bxc6 30. Re8+ Kg7 31. Rfe1 1-0

[Event "29. Klatovy A 2023"]
[Site "Klatovy"]
[Date "2023.07.01"]
[Round "1.5"]
[White "Strnad, Jakub"]
[Black "Horak, Martin"]
[Result "0-1"]
[ECO "B73"]
[WhiteElo "1957"]
[BlackElo "2266"]
[PlyCount "40"]
[EventDate "2023.07.01"]
[EventType "swiss"]
[EventRounds "9"]
[EventCountry "CZE"]
[TimeControl "120+30"]

1. e4 c5 2. Nf3 Nc6 3. d4 cxd4 4. Nxd4 g6 5. Nc3 Bg7 6. Be3 Nf6 7. Be2 O-O 8. O-O d6 9. Kh1 Bd7 10. h3 Rc8 11. f4 a6 12. a4 Na5 13. e5 Ne8 14. e6 Bxe6 15. Nxe6 fxe6 16. Bg4 Qd7 17. Nd5 Nc4 18. Bd4 h5 19. Bxe6+ Qxe6 20. Bxg7 Rf5 0-1

[Event "29. Klatovy A 2023"]
[Site "Klatovy"]
[Date "2023.07.01"]
[Round "1.6"]
[White "Vorisek, Jaroslav"]
[Black "Flajsman, Petr"]
[Result "1-0"]
[ECO "A46"]
[WhiteElo "2260"]
[BlackElo "1956"]
[PlyCount "71"]
[EventDate "2023.07.01"]
[EventType "swiss"]
[EventRounds "9"]
[EventCountry "CZE"]
[TimeControl "120+30"]

1. d4 Nf6 2. Nf3 b5 3. e3 a6 4. a4 b4 5. Bd3 e6 6. e4 d5 7. exd5 Qxd5 8. c4 Qh5 9. Bf4 c5 10. Nbd2 Bb7 11. O-O Nc6 12. d5 exd5 13. Re1+ Be7 14. Bd6 Rd8 15. Bxe7 Nxe7 16. Re5 Qh6 17. Qe2 Nfg8 18. Re1 Qd6 19. cxd5 Bxd5 20. Bxa6 f6 21. Re3 Kf7 22. Bc4 Nf5 23. Rd3 Nge7 24. Qe4 Nd4 25. Nxd4 cxd4 26. Qxd4 Rhe8 27. Bxd5+ Nxd5 28. Rxe8 Kxe8 29. g3 Qe7 30. Nf3 Rd7 31. Qc4 Qf7 32. Qc6 g5 33. Nd4 Qe7 34. Ne6 Nb6 35. Nc5 Kd8 36. Qxb6+ 1-0

[Event "29. Klatovy A 2023"]
[Site "Klatovy"]
[Date "2023.07.01"]
[Round "1.7"]
[White "Novak, Vaclav2"]
[Black "Jurek, Josef"]
[Result "1/2-1/2"]
[ECO "B44"]
[WhiteElo "1948"]
[BlackElo "2251"]
[PlyCount "57"]
[EventDate "2023.07.01"]
[EventType "swiss"]
[EventRounds "9"]
[EventCountry "CZE"]
[TimeControl "120+30"]

1. e4 c5 2. Nf3 e6 3. d4 cxd4 4. Nxd4 Nc6 5. c3 Nf6 6. Nd2 d5 7. exd5 Nxd4 8. Qa4+ Qd7 9. Qxd4 Qxd5 10. Qxd5 Nxd5 11. Bb5+ Bd7 12. Bxd7+ Kxd7 13. O-O Be7 14. Nf3 Bf6 15. Bg5 Bxg5 16. Nxg5 f6 17. Ne4 Rac8 18. Rad1 Ke7 19. Rfe1 Rhd8 20. g3 g5 21. Rd2 h6 22. Rde2 Rc6 23. Nd2 Kf7 24. Nb3 e5 25. Rd2 b6 26. Red1 Ke6 27. Re1 Kf7 28. Red1 Ke6 29. Re1 1/2-1/2

[Event "29. Klatovy A 2023"]
[Site "Klatovy"]
[Date "2023.07.01"]
[Round "1.8"]
[White "Jun, Rudolf"]
[Black "Mik, Tomas"]
[Result "1-0"]
[ECO "B22"]
[WhiteElo "2223"]
[BlackElo "1940"]
[PlyCount "51"]
[EventDate "2023.07.01"]
[EventType "swiss"]
[EventRounds "9"]
[EventCountry "CZE"]
[TimeControl "120+30"]

1. e4 e6 2. d4 c5 3. c3 Qc7 4. Nf3 d6 5. Bf4 Nf6 6. Nbd2 Be7 7. Bd3 O-O 8. O-O b6 9. e5 dxe5 10. Bxe5 Qd7 11. Ng5 h6 12. Bxf6 Bxf6 13. Nh7 Rd8 14. Nxf6+ gxf6 15. Ne4 Qe7 16. Qg4+ Kf8 17. Qh4 Kg7 18. f4 Nd7 19. Rf3 Nf8 20. Rh3 Ng6 21. Qxh6+ Kg8 22. Ng5 f5 23. Re1 Qf6 24. Nh7 Qg7 25. Qg5 Bb7 26. Nf6+ 1-0

[Event "29. Klatovy A 2023"]
[Site "Klatovy"]
[Date "2023.07.01"]
[Round "1.9"]
[White "Kucera, Petr2"]
[Black "Kopta, Pavel"]
[Result "1/2-1/2"]
[ECO "B51"]
[WhiteElo "1935"]
[BlackElo "2209"]
[PlyCount "118"]
[EventDate "2023.07.01"]
[EventType "swiss"]
[EventRounds "9"]
[EventCountry "CZE"]
[TimeControl "120+30"]

1. e4 c5 2. Nf3 d6 3. Bb5+ Nd7 4. O-O a6 5. Bxd7+ Bxd7 6. d4 cxd4 7. Qxd4 Bc6 8. c4 Nf6 9. Nc3 e6 10. Bg5 Be7 11. Rad1 O-O 12. Rfe1 Qa5 13. Nd5 Bxd5 14. exd5 e5 15. Qd3 Rfe8 16. Qb3 Qc7 17. Rc1 h6 18. Be3 Nd7 19. a4 a5 20. Nd2 f5 21. c5 f4 22. cxd6 Qxd6 23. Ne4 Qb4 24. Qxb4 Bxb4 25. Bd2 Bxd2 26. Nxd2 Rec8 27. Nc4 Rc5 28. b3 Rxd5 29. Rcd1 Rxd1 30. Rxd1 Nc5 31. Rd5 Nxb3 32. Nxe5 Rc8 33. g3 fxg3 34. hxg3 Rc5 35. Rd8+ Kh7 36. f4 b5 37. axb5 Rxb5 38. Ra8 g5 39. Ra7+ Kg8 40. Nf7 gxf4 41. Nxh6+ Kf8 42. gxf4 Rh5 43. Ng4 Rf5 44. Ne5 Ke8 45. Kg2 Nc5 46. Rxa5 Ne6 47. Kg3 Nxf4 48. Kg4 Rf8 49. Ra8+ Ke7 50. Nc6+ Kf7 51. Ra7+ Ke6 52. Nd4+ Ke5 53. Nf3+ Kd6 54. Ng5 Nd3 55. Ra6+ Kd5 56. Ra5+ Nc5 57. Rxc5+ Kxc5 58. Ne6+ Kd5 59. Nxf8 Ke5 1/2-1/2

[Event "29. Klatovy A 2023"]
[Site "Klatovy"]
[Date "2023.07.01"]
[Round "1.10"]
[White "Formanek, Martin"]
[Black "Stary, Lukas"]
[Result "1-0"]
[ECO "B23"]
[WhiteElo "2206"]
[BlackElo "1921"]
[PlyCount "108"]
[EventDate "2023.07.01"]
[EventType "swiss"]
[EventRounds "9"]
[EventCountry "CZE"]
[TimeControl "120+30"]

1. e4 c5 2. Nc3 Nc6 3. f4 d6 4. Nf3 g6 5. Bb5 Bg7 6. O-O e6 7. Bxc6+ bxc6 8. d3 Rb8 9. Qe1 Ne7 10. b3 O-O 11. Ba3 Qa5 12. Na4 Rb4 13. Bxb4 cxb4 14. e5 c5 15. exd6 Nf5 16. Ne5 Nxd6 17. Qf2 Nb7 18. Kh1 Qc7 19. Rae1 Rd8 20. Nb2 Nd6 21. Nbc4 Nb5 22. Nd2 Bb7 23. Ne4 Bxe4 24. Rxe4 Rd5 25. Nc4 Nc3 26. Re5 Bxe5 27. fxe5 Nxa2 28. Nd6 Qe7 29. Nxf7 Nc3 30. Qe3 Nb5 31. Nh6+ Kg7 32. Rf7+ Qxf7 33. Nxf7 Kxf7 34. Qf4+ Kg8 35. Qf6 Nd4 36. h3 a5 37. g4 Rd7 38. Kg2 Rd5 39. Kg3 Rd7 40. h4 Ne2+ 41. Kg2 Nd4 42. Kh2 Rd5 43. Kh1 Rd7 44. Kg2 Rf7 45. Qd8+ Kg7 46. Qxa5 Nxc2 47. Qxc5 Ne1+ 48. Kh2 Nxd3 49. Qd6 Ne1 50. Qxe6 Nf3+ 51. Kg3 Nd4 52. Qc4 Rf3+ 53. Kg2 Nxb3 54. e6 Nd2 1-0

[Event "29. Klatovy A 2023"]
[Site "Klatovy"]
[Date "2023.07.01"]
[Round "1.11"]
[White "Kishore, Kumar Jaganathan"]
[Black "Flajsman, Pavel"]
[Result "1/2-1/2"]
[ECO "E04"]
[WhiteElo "1860"]
[BlackElo "2192"]
[PlyCount "117"]
[EventDate "2023.07.01"]
[EventType "swiss"]
[EventRounds "9"]
[EventCountry "CZE"]
[TimeControl "120+30"]

1. d4 Nf6 2. c4 e6 3. g3 d5 4. Nf3 dxc4 5. Bg2 Bb4+ 6. Bd2 a5 7. Qc2 Bxd2+ 8. Qxd2 c6 9. a4 b5 10. axb5 cxb5 11. Qg5 O-O 12. Qxb5 Ba6 13. Qxa5 Bb7 14. Qxd8 Rxa1 15. Qxf8+ Kxf8 16. O-O Ra2 17. Rc1 Rxb2 18. Na3 Bd5 19. Nxc4 Rxe2 20. Ncd2 Bxf3 21. Nxf3 Nbd7 22. Ne5 Nxe5 23. Rc8+ Ke7 24. Kf1 Rd2 25. dxe5 Ng4 26. Rc7+ Rd7 27. Rxd7+ Kxd7 28. f4 Nxh2+ 29. Ke2 Ng4 30. Bf3 Nh6 31. g4 Kc7 32. Kd3 Kb6 33. Kd4 f5 34. g5 Nf7 35. Bh5 g6 36. Bd1 Kc7 37. Ba4 Kd8 38. Bc6 h6 39. gxh6 Nxh6 40. Bf3 Kc7 41. Be2 Nf7 42. Bd1 Kd7 43. Be2 Nd8 44. Bb5+ Ke7 45. Kc5 Nf7 46. Kd4 Nh6 47. Be2 Nf7 48. Bb5 g5 49. fxg5 Nxg5 50. Ke3 Nf7 51. Kf4 Nh8 52. Kg5 Nf7+ 53. Kf4 Nh6 54. Bd3 Kf7 55. Kg5 Kg7 56. Bc4 Nf7+ 57. Kf4 Nd8 58. Bxe6 Nxe6+ 59. Kxf5 1/2-1/2

[Event "29. Klatovy A 2023"]
[Site "Klatovy"]
[Date "2023.07.01"]
[Round "1.12"]
[White "Janous, Marek"]
[Black "Matejovsky, Ondrej"]
[Result "1-0"]
[ECO "C42"]
[WhiteElo "2185"]
[BlackElo "1928"]
[PlyCount "61"]
[EventDate "2023.07.01"]
[EventType "swiss"]
[EventRounds "9"]
[EventCountry "CZE"]
[TimeControl "120+30"]

1. e4 e5 2. Nf3 Nf6 3. Nc3 Bb4 4. Nxe5 O-O 5. Be2 Re8 6. Nf3 Nxe4 7. Nxe4 Rxe4 8. O-O d5 9. c3 Bd6 10. d4 Bg4 11. Bg5 Be7 12. Be3 Nd7 13. Re1 Bd6 14. Qc2 h6 15. Nd2 Rxe3 16. fxe3 Qh4 17. Nf1 Nf6 18. Bxg4 Qxg4 19. c4 c6 20. Qe2 Qg6 21. cxd5 cxd5 22. Rac1 Re8 23. Nd2 Bxh2+ 24. Kxh2 Ng4+ 25. Kg1 Qh5 26. Nf3 Rxe3 27. Rc8+ Kh7 28. Qc2+ f5 29. Rxe3 Nxe3 30. Qe2 f4 31. Qd3+ 1-0

[Event "29. Klatovy A 2023"]
[Site "Klatovy"]
[Date "2023.07.01"]
[Round "1.13"]
[White "Pick, Stepan"]
[Black "Dvorak, Jan"]
[Result "0-1"]
[ECO "E08"]
[WhiteElo "1911"]
[BlackElo "2176"]
[PlyCount "42"]
[EventDate "2023.07.01"]
[EventType "swiss"]
[EventRounds "9"]
[EventCountry "CZE"]
[TimeControl "120+30"]

1. Nf3 e6 2. c4 d5 3. g3 Nf6 4. Bg2 Be7 5. O-O O-O 6. d4 Nbd7 7. Qc2 b6 8. cxd5 exd5 9. Ne5 Nxe5 10. dxe5 Ng4 11. Nc3 c6 12. Rd1 Bc5 13. Ne4 Bf5 14. Nf6+ Qxf6 15. Qxc5 Nxe5 16. Qc3 Rfe8 17. b4 Bg4 18. Qb2 Rad8 19. b5 d4 20. bxc6 d3 21. f3 dxe2 0-1

[Event "29. Klatovy A 2023"]
[Site "Klatovy"]
[Date "2023.07.01"]
[Round "1.14"]
[White "Soural, Jan"]
[Black "Vana, Jan 2010"]
[Result "1-0"]
[ECO "E05"]
[WhiteElo "2176"]
[BlackElo "1890"]
[PlyCount "75"]
[EventDate "2023.07.01"]
[EventType "swiss"]
[EventRounds "9"]
[EventCountry "CZE"]
[TimeControl "120+30"]

1. c4 Nf6 2. Nf3 e6 3. g3 d5 4. Bg2 Be7 5. O-O O-O 6. d4 dxc4 7. Na3 c5 8. Nxc4 Nc6 9. dxc5 Bxc5 10. Nfe5 Nxe5 11. Nxe5 Qc7 12. Bf4 Nh5 13. Rc1 Nxf4 14. gxf4 Qe7 15. Qc2 Bb6 16. Rfd1 f6 17. Nc4 e5 18. Nxb6 axb6 19. Qc7 Qxc7 20. Rxc7 exf4 21. Rd6 Bg4 22. Bd5+ Kh8 23. f3 Bh3 24. Kf2 Rad8 25. Rxd8 Rxd8 26. Rxb7 h5 27. Be4 f5 28. Bd3 Rd6 29. a4 g5 30. b4 g4 31. a5 bxa5 32. bxa5 Rg6 33. Rb6 Rg7 34. Rh6+ Kg8 35. Rxh5 Ra7 36. Bxf5 g3+ 37. hxg3 fxg3+ 38. Kxg3 1-0

[Event "29. Klatovy A 2023"]
[Site "Klatovy"]
[Date "2023.07.01"]
[Round "1.15"]
[White "Kovar, Petr"]
[Black "Skypala, Ondrej"]
[Result "0-1"]
[ECO "A17"]
[WhiteElo "1879"]
[BlackElo "2163"]
[PlyCount "91"]
[EventDate "2023.07.01"]
[EventType "swiss"]
[EventRounds "9"]
[EventCountry "CZE"]
[TimeControl "120+30"]

1. c4 Nf6 2. Nc3 e6 3. Nf3 Bb4 4. g3 O-O 5. Bg2 c5 6. O-O d6 7. Qc2 Nc6 8. e3 Qe7 9. b3 Bxc3 10. Qxc3 e5 11. d3 Bg4 12. Bb2 Qd7 13. Rfe1 h5 14. a3 a5 15. Qd2 g6 16. Ng5 Nh7 17. Nxh7 Kxh7 18. d4 f6 19. dxc5 dxc5 20. Qxd7+ Bxd7 21. Bd5 a4 22. b4 cxb4 23. axb4 Nxb4 24. Bxb7 Rab8 25. Be4 f5 26. Bxe5 fxe4 27. Bxb8 Rxb8 28. Red1 Nd3 29. f3 Ne5 30. fxe4 Rb2 31. Rxd7+ Nxd7 32. Rxa4 Ne5 33. c5 Rc2 34. Ra5 Nf3+ 35. Kf1 Nxh2+ 36. Ke1 Nf3+ 37. Kd1 Rc4 38. Ke2 Ne5 39. Kd2 Rxe4 40. Ra7+ Kh6 41. Re7 Nf3+ 42. Ke2 Ng1+ 43. Kd3 Rxe7 44. Kd4 Ne2+ 45. Kd5 Nxg3 46. Kd4 0-1

[Event "29. Klatovy A 2023"]
[Site "Klatovy"]
[Date "2023.07.01"]
[Round "1.16"]
[White "Kupsa, Matej 2001"]
[Black "Hosnedl, Jiri"]
[Result "1/2-1/2"]
[ECO "D03"]
[WhiteElo "2145"]
[BlackElo "1858"]
[PlyCount "38"]
[EventDate "2023.07.01"]
[EventType "swiss"]
[EventRounds "9"]
[EventCountry "CZE"]
[TimeControl "120+30"]

1. d4 d5 2. Nf3 Nf6 3. Bg5 e6 4. e3 Be7 5. Nbd2 Nbd7 6. Bd3 b6 7. O-O Bb7 8. Qe2 Ne4 9. Bxe7 Qxe7 10. c4 Nxd2 11. Nxd2 dxc4 12. Nxc4 c5 13. Rac1 O-O 14. Rfd1 Rfd8 15. a4 cxd4 16. exd4 Nf6 17. a5 Nd5 18. Qe5 Rac8 19. Ne3 bxa5 1/2-1/2

[Event "29. Klatovy A 2023"]
[Site "Klatovy"]
[Date "2023.07.01"]
[Round "1.17"]
[White "Ruessel, Bernhard"]
[Black "Jordanov, Mihail"]
[Result "0-1"]
[ECO "D11"]
[WhiteElo "1852"]
[BlackElo "2140"]
[PlyCount "50"]
[EventDate "2023.07.01"]
[EventType "swiss"]
[EventRounds "9"]
[EventCountry "CZE"]
[TimeControl "120+30"]

1. d4 d5 2. Nf3 Nf6 3. c4 c6 4. g3 Bf5 5. Nbd2 e6 6. Bg2 h6 7. O-O Be7 8. b3 O-O 9. Ne5 Nbd7 10. Ndf3 Ne4 11. Bf4 Nxe5 12. Bxe5 g5 13. h3 h5 14. g4 hxg4 15. hxg4 Bxg4 16. Ne1 Nc3 17. Qd2 Nxe2+ 18. Kh1 f6 19. Bh2 Kf7 20. f3 Rh8 21. Qxe2 Qc7 22. Kg1 Qxh2+ 23. Kf2 Bd6 24. Ke3 Bf5 25. Qf2 e5 0-1

[Event "29. Klatovy A 2023"]
[Site "Klatovy"]
[Date "2023.07.02"]
[Round "2.1"]
[White "Hurdzan, Tomas"]
[Black "Ret, Adam Josef"]
[Result "1-0"]
[ECO "A14"]
[WhiteElo "2309"]
[BlackElo "2133"]
[PlyCount "115"]
[EventDate "2023.07.01"]
[EventType "swiss"]
[EventRounds "9"]
[EventCountry "CZE"]
[TimeControl "120+30"]

1. c4 e6 2. Nf3 d5 3. g3 Nf6 4. Bg2 Be7 5. O-O O-O 6. b3 c5 7. cxd5 Nxd5 8. Bb2 Nc6 9. d4 cxd4 10. Nxd4 Nxd4 11. Qxd4 Bf6 12. Qd2 Bd7 13. Rd1 Bc6 14. Na3 Qe7 15. Nc4 Bxb2 16. Qxb2 Nb6 17. Bxc6 Nxc4 18. Qc3 Nb6 19. Bf3 Rfc8 20. Qa5 Rc5 21. Qa3 Rc7 22. Qxe7 Rxe7 23. Rac1 g6 24. a4 Rae8 25. e3 a6 26. Rc5 Nd7 27. Rc3 Ne5 28. Bg2 Kg7 29. Rd6 Rb8 30. b4 f6 31. Rb6 Kf7 32. f4 Ng4 33. h3 Nh6 34. g4 Rd7 35. Kf2 Ng8 36. Bc6 Re7 37. Rd3 Rc8 38. Bf3 Rb8 39. Rdd6 f5 40. g5 e5 41. Bd5+ Kg7 42. fxe5 Rc7 43. Bf3 Ne7 44. Rf6 Ng8 45. Rfe6 Ne7 46. Rbd6 Re8 47. a5 Rc2+ 48. Kg3 Rc7 49. h4 Rf8 50. Rf6 Rb8 51. e6 Nc6 52. Bxc6 Rxc6 53. Rf7+ Kg8 54. Rxb7 Rxd6 55. Rxb8+ Kg7 56. Rb7+ Kg8 57. Rb8+ Kg7 58. e7 1-0

[Event "29. Klatovy A 2023"]
[Site "Klatovy"]
[Date "2023.07.02"]
[Round "2.2"]
[White "Skypala, Ondrej"]
[Black "Slovak, Kilian"]
[Result "0-1"]
[ECO "A10"]
[WhiteElo "2163"]
[BlackElo "2297"]
[PlyCount "50"]
[EventDate "2023.07.01"]
[EventType "swiss"]
[EventRounds "9"]
[EventCountry "CZE"]
[TimeControl "120+30"]

1. g3 g6 2. Bg2 Bg7 3. c4 f5 4. d3 Nf6 5. Nc3 O-O 6. e4 fxe4 7. dxe4 d6 8. Nge2 c5 9. O-O Nc6 10. h3 Ne8 11. Bg5 Nc7 12. Qd2 Ne5 13. b3 Bxh3 14. f4 Bxg2 15. Kxg2 Nf7 16. Bh4 h6 17. Rad1 Qd7 18. Nd5 Nxd5 19. Qxd5 Qg4 20. Rf2 e6 21. Qxb7 g5 22. fxg5 hxg5 23. Rdf1 Ne5 24. Bxg5 Qxg5 25. Nf4 Rae8 0-1

[Event "29. Klatovy A 2023"]
[Site "Klatovy"]
[Date "2023.07.02"]
[Round "2.3"]
[White "Horak, Martin"]
[Black "Pycha, Patrik"]
[Result "1-0"]
[ECO "E14"]
[WhiteElo "2266"]
[BlackElo "2058"]
[PlyCount "77"]
[EventDate "2023.07.01"]
[EventType "swiss"]
[EventRounds "9"]
[EventCountry "CZE"]
[TimeControl "120+30"]

1. Nf3 Nf6 2. c4 e6 3. Nc3 d5 4. e3 Be7 5. b3 O-O 6. Bb2 b6 7. cxd5 exd5 8. d4 c5 9. Bd3 Nc6 10. dxc5 bxc5 11. O-O Bb7 12. Rc1 d4 13. exd4 Nxd4 14. Nxd4 cxd4 15. Ne2 Qd5 16. f3 Bc5 17. Ng3 Qg5 18. Rc2 Bb6 19. Bc1 Qd5 20. Re1 Rfe8 21. Rce2 Qd7 22. Qd2 Nd5 23. Qg5 Rxe2 24. Rxe2 h6 25. Qe5 Nb4 26. Nh5 f6 27. Qg3 Qf7 28. Bg6 d3+ 29. Kh1 Qf8 30. Re1 Kh8 31. Bf5 g5 32. Bb2 d2 33. Rd1 Nd5 34. Rxd2 Re8 35. Be4 Bc7 36. Qf2 Qf7 37. Bxd5 Qxh5 38. g4 Re1+ 39. Qxe1 1-0

[Event "29. Klatovy A 2023"]
[Site "Klatovy"]
[Date "2023.07.02"]
[Round "2.4"]
[White "Jordanov, Mihail"]
[Black "Vorisek, Jaroslav"]
[Result "0-1"]
[ECO "C77"]
[WhiteElo "2140"]
[BlackElo "2260"]
[PlyCount "96"]
[EventDate "2023.07.01"]
[EventType "swiss"]
[EventRounds "9"]
[EventCountry "CZE"]
[TimeControl "120+30"]

1. e4 e5 2. Nf3 Nc6 3. Bb5 a6 4. Ba4 Nf6 5. d3 d6 6. O-O g6 7. c3 Bg7 8. Re1 O-O 9. h3 b5 10. Bc2 Re8 11. Bg5 Bb7 12. Nbd2 Qe7 13. Nf1 Nd8 14. Qd2 Ne6 15. Bh6 Nd7 16. d4 f6 17. d5 Nd8 18. Bxg7 Kxg7 19. Ne3 Nf7 20. a4 Nb6 21. a5 Nc8 22. b3 c5 23. g4 Qd7 24. Kh2 Ne7 25. Rg1 Rh8 26. Nh4 Rag8 27. Raf1 h5 28. Bd1 Bc8 29. Rg3 hxg4 30. Bxg4 Qd8 31. Bxc8 Qxc8 32. Nhf5+ Kf8 33. Nxe7 Kxe7 34. f4 Rh5 35. Ng4 Rgh8 36. Qf2 f5 37. fxe5 dxe5 38. exf5 gxf5 39. Ne3 f4 40. d6+ Kf8 41. d7 fxg3+ 42. Qxg3 Qxd7 43. Ng4 Rxh3+ 44. Qxh3 Rxh3+ 45. Kxh3 Qd3+ 46. Kg2 Qxc3 47. Rf3 Qc2+ 48. Kg3 Ke7 0-1

[Event "29. Klatovy A 2023"]
[Site "Klatovy"]
[Date "2023.07.02"]
[Round "2.5"]
[White "Pecka, Jan"]
[Black "Jun, Rudolf"]
[Result "0-1"]
[ECO "A70"]
[WhiteElo "2054"]
[BlackElo "2223"]
[PlyCount "62"]
[EventDate "2023.07.01"]
[EventType "swiss"]
[EventRounds "9"]
[EventCountry "CZE"]
[TimeControl "120+30"]

1. d4 Nf6 2. c4 c5 3. d5 e6 4. Nc3 exd5 5. cxd5 d6 6. e4 g6 7. Bb5+ Bd7 8. Bxd7+ Nbxd7 9. Nf3 a6 10. a4 Bg7 11. O-O O-O 12. Nd2 Re8 13. a5 Ne5 14. Qc2 Nh5 15. f4 Ng4 16. Nf3 Bd4+ 17. Nxd4 cxd4 18. Nd1 f5 19. h3 Rc8 20. Qd3 fxe4 21. Qxd4 Ng3 22. Re1 Nf5 23. Qb4 Nf6 24. Ne3 Qc7 25. Ra4 Qxc1 26. Nxf5 gxf5 27. Rxc1 Rxc1+ 28. Kf2 e3+ 29. Ke2 Nh5 30. Qxd6 Ng3+ 31. Kd3 e2 0-1

[Event "29. Klatovy A 2023"]
[Site "Klatovy"]
[Date "2023.07.02"]
[Round "2.6"]
[White "Hladky, Tadeas"]
[Black "Formanek, Martin"]
[Result "1/2-1/2"]
[ECO "B51"]
[WhiteElo "2046"]
[BlackElo "2206"]
[PlyCount "56"]
[EventDate "2023.07.01"]
[EventType "swiss"]
[EventRounds "9"]
[EventCountry "CZE"]
[TimeControl "120+30"]

1. e4 c5 2. Nf3 d6 3. Bb5+ Nd7 4. d4 cxd4 5. Qxd4 a6 6. Bxd7+ Bxd7 7. O-O e5 8. Qd3 h6 9. c4 b5 10. Nfd2 Nf6 11. Nc3 Qb6 12. b3 Be7 13. a4 O-O 14. axb5 axb5 15. Rxa8 Rxa8 16. cxb5 Qd4 17. Qc2 Be6 18. Rd1 Qb4 19. Bb2 Nd7 20. Nc4 Nc5 21. Nb6 Bxb3 22. Qb1 Re8 23. Nbd5 Bxd5 24. Nxd5 Qxe4 25. Qxe4 Nxe4 26. f3 Nc5 27. Nxe7+ Rxe7 28. Rxd6 Rb7 1/2-1/2

[Event "29. Klatovy A 2023"]
[Site "Klatovy"]
[Date "2023.07.02"]
[Round "2.7"]
[White "Topencik, Bruno"]
[Black "Janous, Marek"]
[Result "1/2-1/2"]
[ECO "A20"]
[WhiteElo "1780"]
[BlackElo "2185"]
[PlyCount "85"]
[EventDate "2023.07.01"]
[EventType "swiss"]
[EventRounds "9"]
[EventCountry "CZE"]
[TimeControl "120+30"]

1. c4 e5 2. Nf3 Nc6 3. d4 exd4 4. Nxd4 Bb4+ 5. Bd2 Bxd2+ 6. Qxd2 d5 7. Nxc6 bxc6 8. g3 Ne7 9. Bg2 O-O 10. Nc3 dxc4 11. O-O-O Qxd2+ 12. Rxd2 Be6 13. Rhd1 Rab8 14. Na4 Rb5 15. Rd8 f5 16. Rxf8+ Kxf8 17. Nc3 Ra5 18. Kc2 Nd5 19. a3 Kf7 20. h4 h6 21. e3 Ke7 22. Bf3 Rc5 23. Bg2 Nf6 24. Na4 Ra5 25. Nc3 Ng4 26. Rd2 Ne5 27. Ne2 Bd5 28. Nf4 Bxg2 29. Nxg2 Rd5 30. Nf4 Rxd2+ 31. Kxd2 g5 32. hxg5 hxg5 33. Ne2 Nd3 34. f4 gxf4 35. exf4 Nxb2 36. Kc3 Nd1+ 37. Kxc4 Ne3+ 38. Kc5 Nc2 39. Kxc6 Nxa3 40. Nd4 Kf6 41. Kxc7 Nc4 42. Kc6 Nd2 43. Kb5 1/2-1/2

[Event "29. Klatovy A 2023"]
[Site "Klatovy"]
[Date "2023.07.02"]
[Round "2.8"]
[White "Dvorak, Jan"]
[Black "Lhotsky, Zdenek"]
[Result "1-0"]
[ECO "D35"]
[WhiteElo "2176"]
[BlackElo "1840"]
[PlyCount "77"]
[EventDate "2023.07.01"]
[EventType "swiss"]
[EventRounds "9"]
[EventCountry "CZE"]
[TimeControl "120+30"]

1. d4 d5 2. c4 e6 3. Nc3 Nf6 4. Bg5 Bb4 5. e3 O-O 6. cxd5 exd5 7. Bd3 Qd6 8. Nge2 c6 9. Qc2 Nbd7 10. O-O Re8 11. a3 Ba5 12. b4 Bd8 13. Na4 Nf8 14. Bf4 Qe7 15. b5 cxb5 16. Bxb5 Bd7 17. Bxd7 N8xd7 18. Qb3 Bb6 19. Nec3 Red8 20. Nxd5 Nxd5 21. Qxd5 Nc5 22. Qc4 Ne4 23. Rfc1 Ba5 24. Qb5 b6 25. Nb2 Rac8 26. Rxc8 Rxc8 27. Nd3 Rc2 28. Qd5 h6 29. Rc1 Rxc1+ 30. Nxc1 Nd2 31. Bd6 Qd7 32. h3 Qc8 33. Nb3 Nxb3 34. Qxb3 Qc1+ 35. Kh2 Be1 36. Bg3 Qd2 37. Qc4 Qb2 38. a4 g6 39. Qc8+ 1-0